 Dungeon Crawl Stone Soup version 0.21-a0-349-g0c35859 (webtiles) character file.

28 pkoi the Insei (level 2, -4/26 HPs)
             Began as a Draconian Monk on Oct 7, 2017.
             Slain by a kobold
             ... wielding a +2 short sword of electrocution
              (5 damage)
             ... on level 2 of the Dungeon.
             The game lasted 00:01:54 (1300 turns).

pkoi the Insei (Draconian Monk)                     Turns: 1300, Time: 00:01:55

Health: -4/26      AC:  4    Str: 13    XL:     2   Next: 96%
Magic:  2/2        EV: 13    Int: 10    God:
Gold:   43         SH:  0    Dex: 13    Spells: 1/1 levels left

rFire    . . .     SeeInvis .     - Unarmed
rCold    . . .     Gourm    .   (no shield)
rNeg     . . .     Faith    .   (armour unavailable)
rPois    .         Spirit   .   (helmet restricted)
rElec    .         Reflect  .   (no cloak)
rCorr    .         Harm     .   (no gloves)
MR       .....                  (no boots)
Stlth    ++........             (no amulet)
HPRegen  0.08/turn              (no ring)
MPRegen  0.08/turn              (no ring)

@: no status effects
A: unfitting armour, cold-blooded, AC +4
a: no special abilities


You were on level 2 of the Dungeon.
You were very hungry.

You visited 1 branch of the dungeon, and saw 2 of its levels.

You collected 43 gold pieces.

Inventory:

Scrolls
 b - 4 scrolls of identify {unknown}
 c - a scroll of enchant weapon {unknown}
 e - a scroll of remove curse {unknown}
 f - 2 scrolls of teleportation {unknown}
Potions
 d - a potion of mutation {unknown}
 h - a potion of heal wounds {unknown}
Comestibles
 a - 2 bread rations
 g - 3 chunks of flesh


   Skills:
 - Level 3.2 Fighting
 - Level 2.6 Dodging
 - Level 1.7 Stealth
 + Level 4.2 Unarmed Combat


You had one spell level left.
You didn't know any spells.

Dungeon Overview and Level Annotations

Branches:
Dungeon (2/15)

Altars:

Annotations:
D:1 Natasha


Innate Abilities, Weirdness & Mutations

Your plain brown scales are hard. (AC +4)
You cannot fit into any form of body armour.
You are cold-blooded and may be slowed by cold attacks.


Message History

The jackal bites you but does no damage.
There is a stone staircase leading down here.
The jackal misses you. The crimson imp barely misses you.
You climb downwards.
The kobold hits you with a short sword of electrocution.
You are electrocuted!
Ouch! That really hurt!
* * * LOW HITPOINT WARNING * * *
There is a stone staircase leading up here.
You hit the jackal but do no damage.
The jackal is severely wounded.
The jackal bites you.
* * * LOW HITPOINT WARNING * * *
The kobold barely misses you.
Unknown command.
You hit the jackal.
The jackal is severely wounded.
The jackal barely misses you.
The kobold hits you with a short sword of electrocution.
You die...

.... .... ....
..... .... .......
... ###.?.#...
#.#####...#.......
#..#......#.......
#..รท.......# ..#
#.@h.......##..#
#..K.....<...h..
#...........##
#...........#
#.............#
###..........#....#
##........##.#.....
#.......... .. #...
............##.# (.


You could see a jackal and a kobold.

Vanquished Creatures
  A dart slug (D:1)
  A leopard gecko (D:1)
  A bat (D:1)
  2 giant cockroaches
  7 goblins (D:1)
  3 hobgoblins
  A jackal (D:2)
  A kobold (D:1)
  A frilled lizard (D:1)
  3 rats (D:1)
21 creatures vanquished.

Notes
Turn   | Place    | Note
-------+----------+-------------------------------------------
     0 | D:1      | pkoi the Draconian Monk began the quest for the Orb.
     0 | D:1      | Reached XP level 1. HP: 19/19 MP: 1/1
   213 | D:1      | Reached XP level 2. HP: 21/26 MP: 2/2
   759 | D:1      | Reached skill level 4 in Unarmed Combat
  1250 | D:2      | Noticed Natasha
  1272 | D:1      | Noticed a crimson imp
  1277 | D:1      | Noticed a crimson imp
  1299 | D:2      | HP: 1/26 [jackal (2)]
  1300 | D:2      | Slain by a kobold

Vault maps used:
D:1:      dpeg_arrival_lava_altar
D:2:      first_bread, uniq_natasha

Skill      XL: |  1  2 |
---------------+-------+-----
Unarmed Combat | 4 |  4.2
Fighting       | |  3.2
Dodging        | |  2.6
Stealth        | |  1.7

Action                   || total
-------------------------++-------
Melee: Unarmed           ||    76
       Tailslap          ||     7
       Punch             ||     1
 Stab: Sleeping          ||     2
Armor: Skin              ||    27
Dodge: Dodged            ||    47

Table legend:
 A = Spawn XP
 B = Non-spawn XP
 C = Spawn XP percentage of total XP
 D = Spawn monster count
 E = Non-spawn monster count
 F = Spawn count percentage of total count
 G = Total turns spent on level
                    A         B        C        D         E        F      G
               +---------+---------+-------+---------+---------+-------+---------
         Total |       0 |      40 |   0.0 |       0 |      21 |   0.0 |  1300
               +---------+---------+-------+---------+---------+-------+---------
           D:1 |       0 |      34 |   0.0 |       0 |      18 |   0.0 |  1135
           D:2 |       0 |       6 |   0.0 |       0 |       3 |   0.0 |   165
               +---------+---------+-------+---------+---------+-------+---------
